Map: King Sejong Station LE

Players

Origine

  • Race: Terran Terran
  • League: Master

Miszu - Winner!

  • Race: Terran Terran
  • League: Grandmaster

VOD

Have the link to the VOD?

Description

Time

  • Played on: May 27, 2016, 3:47 p.m.
  • Length: 20:04
Show
View Real Time Build Order
Export as new Build Order

Origine Terran 

Build Orders: 1/1/1, Liberator Opening 

Get SALT Encoding   

  12  0:00  SCV  
  13  0:13  SCV  
  14  0:17  Supply Depot  
  14  0:25  SCV  
  15  0:30  Refinery  
  15  0:39  SCV  
  16  0:44  Barracks  
  16  0:51  SCV  
  17  1:03  SCV  
  18  1:15  SCV  
  19  1:31  Marine  
  19  1:32  Orbital Command  
  20  1:33  Factory  
  20  1:37  Refinery  
  20  1:43  Supply Depot  
  20  1:49  Marine  
  21  1:59  SCV  
  22  2:07  Marine  
  23  2:13  SCV  
  24  2:17  Hellion  
  24  2:19  Starport  
  26  2:25  Marine, SCV  
  28  2:32  Supply Depot  
  29  2:37  SCV  
  29  2:38  Liberator  
  29  2:42  Hellion  
  30  2:49  SCV  
  34  3:00  Supply Depot  
  34  3:07  SCV, Factory Tech Lab  
  35  3:19  SCV  
  36  3:24  Barracks Reactor  
  40  3:27  Cyclone  
  40  3:46  Command Center  
  40  3:49  SCV  
  41  4:00  Supply Depot  
  41  4:05  Raven  
  41  4:06  Marine x2  
  41  4:09  SCV  
  46  4:14  Supply Depot  
  46  4:16  Factory Tech Lab  
  46  4:21  SCV  
  47  4:32  Marine x2  
  47  4:35  Siege Tank  
  52  4:49  SCV  
  53  4:59  Orbital Command  
  53  5:01  Command Center  
  53  5:05  Viking  
  55  5:09  Viking  
  57  5:17  Siege Tank  
  57  5:34  Liberator  
  57  5:51  Viking, Orbital Command  
  61  6:06  Refinery  
  61  6:07  Refinery  
  61  6:17  Armory  
  60  6:19  SCV x2  
  60  6:24  Orbital Command  
  58  6:31  SCV  
  59  6:33  SCV  
  59  6:42  Siege Tank  
  59  6:43  SCV  
  61  6:48  SCV  
  61  7:02  SCV x2  
  63  7:11  Marine  
  63  7:12  SCV  
  63  7:14  SCV  
  66  7:17  SCV  
  66  7:18  Engineering Bay  
  67  7:24  SCV  
  67  7:25  Siege Tank  
  67  7:26  SCV  
  67  7:28  Supply Depot  
  67  7:29  Supply Depot, SCV  
  70  7:46  Viking  
  70  7:49  SCV  
  74  7:54  Missile Turret  
  74  7:56  SCV x2  
  74  7:57  Siege Tank  
  79  8:02  Liberator  
  74  8:09  Barracks Reactor  
  74  8:10  SCV  
  74  8:11  Factory, SCV x2  
  77  8:13  Factory  
  80  8:30  SCV x2, Terran Vehicle Weapons Level 1  
  82  8:34  Supply Depot  
  82  8:35  Supply Depot  
  82  8:39  SCV  
  82  8:41  Siege Tank  
  86  8:44  SCV  
  87  8:58  Siege Tank, Missile Turret  
  90  9:05  Missile Turret  
  90  9:14  SCV x2  
  90  9:15  Siege Tank  
  90  9:16  Hellion x2  
  99  9:20  Supply Depot  
  83  9:36  Siege Tank  
  83  9:37  Hellion  
  76  9:44  Viking x2  
  76  9:45  Orbital Command  
  76  9:47  Siege Tank  
  75  9:53  SCV x2  
  75  10:00  Hellion x2  
  75  10:03  Liberator  
  77  10:08  Hellion  
  77  10:14  Viking  
  82  10:36  Siege Tank  
  82  10:37  Hellion  
  82  10:39  Terran Vehicle And Ship Armor Level 1  
  87  10:45  Siege Tank  
  87  10:46  Hellion  
  92  10:50  Refinery  
  92  10:57  Refinery  
  92  10:59  Refinery  
  92  11:00  SCV x3, Missile Turret  
  92  11:01  Missile Turret  
  95  11:04  Missile Turret  
  95  11:06  Missile Turret  
  95  11:15  Missile Turret  
  95  11:19  Missile Turret  
  95  11:21  Hellion x2, Siege Tank x2  
  95  11:24  SCV x3  
  108  11:29  Missile Turret  
  108  11:30  Sensor Tower  
  94  11:43  Hellion x2  
  98  11:53  Siege Tank  
  97  11:56  Siege Tank  
  97  12:01  Viking x2  
  104  12:07  Orbital Command  
  94  12:18  Hellion  
  84  12:25  Hellion x2, Siege Tank  
  84  12:29  Liberator  
  91  12:30  Siege Tank  
  94  12:38  SCV  
  94  12:39  SCV x2  
  97  12:46  Hellion  
  97  12:47  Viking  
  104  12:53  SCV x2  
  104  12:56  Refinery  
  106  13:00  Hellion, Siege Tank  
  107  13:13  Hellion, Siege Tank  
  107  13:18  SCV x3  
  109  13:22  Viking, Hellion  
  113  13:31  Command Center  
  113  13:32  Siege Tank  
  113  13:33  Infernal Pre-Igniter  
  114  13:36  SCV x3  
  114  13:41  Missile Turret  
  117  13:48  SCV, Missile Turret  
  117  13:55  Hellion x2, Siege Tank  
  125  13:59  Supply Depot  
  125  14:00  Supply Depot  
  125  14:13  Sensor Tower  
  125  14:20  Viking x2  
  125  14:21  Siege Tank  
  125  14:22  Hellion x2  
  130  14:44  Siege Tank  
  130  14:45  Hellion x2  
  137  14:50  Missile Turret  
  134  14:53  Siege Tank  
  134  14:54  Missile Turret  
  134  15:19  Hellion, Siege Tank  
  134  15:20  Hellion  
  141  15:25  Missile Turret  
  141  15:26  Missile Turret  
  141  15:27  Missile Turret  
  138  15:45  Factory  
  138  15:46  Hellion, Siege Tank  
  143  15:50  Refinery  
  143  15:51  Planetary Fortress  
  143  15:53  Refinery  
  117  16:04  SCV x3  
  117  16:07  Viking x2  
  120  16:16  SCV x2  
  117  16:23  SCV  
  115  16:28  SCV x2  
  115  16:31  Siege Tank x2  
  115  16:32  Hellion, Factory Tech Lab  
  125  16:33  Factory  
  125  16:37  Missile Turret  
  125  16:42  Supply Depot, Engineering Bay  
  125  16:44  Supply Depot  
  125  16:49  Supply Depot  
  121  17:10  SCV  
  122  17:19  Factory Tech Lab  
  122  17:20  Factory Reactor  
  122  17:21  Siege Tank x3  
  122  17:22  Hellion x2, SCV  
  135  17:47  Missile Turret  
  135  17:48  Starport  
  127  17:53  Hellion x3  
  133  18:02  SCV  
  117  18:25  Hellion x3, Siege Tank  
  117  18:26  Hellion x2  
  117  18:27  SCV  
  124  18:34  Viking x2  
  124  18:39  SCV  
  125  18:41  Supply Depot  
  125  18:42  Missile Turret  
  125  18:50  Missile Turret  
  125  19:02  Siege Tank x3  
  115  19:25  Hellion  
  115  19:26  Hellion  
Show
View Real Time Build Order
Export as new Build Order

Miszu Terran - Winner!

Build Orders: 1/1/1, MMM Bio, Banshee Rush 

Get SALT Encoding   

  12  0:00  SCV  
  13  0:12  SCV  
  14  0:16  Supply Depot  
  14  0:25  SCV  
  15  0:38  SCV  
  15  0:39  Refinery  
  16  0:44  Barracks  
  16  0:50  SCV  
  16  0:54  Refinery  
  17  1:02  SCV  
  18  1:14  SCV  
  19  1:32  Factory  
  20  1:33  Orbital Command  
  19  1:41  Reaper  
  19  1:43  Supply Depot  
  20  1:58  SCV  
  21  2:10  SCV  
  21  2:14  Reaper  
  23  2:16  Hellion  
  23  2:17  Starport  
  23  2:22  SCV  
  26  2:24  Supply Depot  
  26  2:34  SCV  
  27  2:38  Hellion  
  29  2:46  Reaper, SCV  
  31  2:54  Medivac  
  33  2:59  Hellion  
  33  3:01  Supply Depot  
  35  3:18  Barracks Tech Lab  
  35  3:19  SCV  
  36  3:29  Command Center  
  36  3:36  Factory Tech Lab  
  36  3:40  Cloaking Field  
  36  3:42  Banshee  
  36  3:43  Barracks Reactor  
  36  3:47  Supply Depot  
  39  3:51  SCV  
  40  4:03  SCV  
  41  4:10  Barracks  
  41  4:12  Barracks  
  41  4:16  SCV  
  42  4:20  Marine x2  
  44  4:27  Viking  
  44  4:38  Marine  
  42  4:48  SCV  
  43  5:03  Banshee  
  43  5:06  SCV  
  47  5:15  Orbital Command  
  47  5:23  SCV  
  47  5:35  SCV  
  48  5:44  SCV  
  48  5:46  Barracks Tech Lab x2  
  49  5:50  SCV  
  49  5:56  SCV  
  51  6:02  SCV  
  52  6:06  Stimpack  
  52  6:08  SCV  
  52  6:10  Engineering Bay  
  53  6:15  Starport Reactor, SCV  
  54  6:20  SCV  
  55  6:29  SCV  
  55  6:32  Marine x2, SCV, Combat Shields  
  59  6:36  Siege Tank  
  62  6:41  SCV  
  63  6:49  Marine  
  63  6:50  Marine  
  63  6:51  Marine  
  63  6:54  Medivac  
  64  6:55  Terran Infantry Weapons Level 1, SCV  
  64  6:57  SCV  
  64  6:58  Supply Depot  
  64  6:59  Supply Depot  
  66  7:03  Marine  
  66  7:07  Marine, SCV  
  70  7:08  Siege Tank  
  70  7:11  Refinery  
  70  7:20  Marine x2, SCV x2  
  70  7:21  Supply Depot x2, Marine  
  75  7:25  Marine  
  76  7:32  SCV x2  
  76  7:37  Marine x2  
  76  7:39  Marine  
  76  7:43  Marine  
  68  7:53  Medivac x2, Siege Tank  
  68  7:55  Marine x2, SCV x2  
  68  7:57  Marine  
  80  8:01  Marine  
  81  8:09  SCV x2  
  83  8:12  Supply Depot  
  83  8:13  Marine x2  
  83  8:15  Supply Depot, Marine, Refinery  
  83  8:17  Command Center  
  86  8:21  SCV  
  86  8:31  Marine x2  
  86  8:32  Marine  
  86  8:34  Marauder, SCV  
  90  8:38  Barracks x2  
  87  8:44  SCV  
  87  8:46  SCV  
  87  8:49  Marauder  
  87  8:50  Supply Depot  
  87  8:55  Marauder  
  91  8:56  SCV  
  91  8:58  Terran Infantry Armor Level 1, SCV  
  91  9:02  Marine x2  
  93  9:09  SCV  
  94  9:10  SCV  
  94  9:12  Supply Depot  
  94  9:17  Engineering Bay, Armory  
  95  9:21  SCV  
  96  9:26  Marauder  
  79  9:44  Marine x4, Marauder  
  82  9:47  Marine  
  81  10:01  Marine  
  81  10:02  Marine x3  
  81  10:05  Marine x2  
  87  10:14  Orbital Command  
  87  10:15  SCV x2  
  87  10:19  Marine  
  87  10:20  Marine x2, Marauder  
  94  10:23  Marine, Marauder  
  94  10:27  SCV  
  98  10:31  Missile Turret  
  98  10:33  Bunker  
  98  10:34  Missile Turret  
  98  10:36  Missile Turret  
  98  10:37  Marine  
  98  10:38  Marine  
  98  10:40  Marine, Medivac x2  
  98  10:41  Marine  
  104  10:43  Barracks Reactor  
  104  10:49  SCV  
  105  10:50  SCV x2  
  105  10:52  Supply Depot  
  105  10:53  Supply Depot  
  106  11:01  SCV, Terran Infantry Weapons Level 2  
  106  11:02  Terran Infantry Armor Level 2, SCV  
  106  11:03  Marauder  
  110  11:04  Marine  
  110  11:06  SCV  
  111  11:13  Marine x3  
  114  11:22  Marine  
  114  11:23  Marine  
  114  11:24  Marine  
  117  11:30  Command Center  
  117  11:31  Marauder  
  92  11:48  SCV x3  
  80  11:57  Marine, Marauder  
  80  11:58  Marine x4, Marauder  
  80  12:00  SCV x2  
  80  12:15  Marine x5  
  72  12:18  Marine  
  72  12:20  SCV  
  72  12:21  SCV x2  
  71  12:33  Supply Depot, SCV x3  
  74  12:39  Marine  
  74  12:41  Marine  
  74  12:42  Marine, Marauder  
  79  12:45  Marine, SCV  
  79  12:48  SCV  
  82  12:53  SCV  
  82  12:55  Marine, Marauder  
  82  12:57  SCV  
  87  13:00  SCV  
  88  13:14  Marine, Marauder  
  87  13:20  Marauder  
  87  13:23  Planetary Fortress  
  87  13:24  Marine  
  87  13:25  Marine x2, Marauder  
  93  13:27  Concussive Shells  
  93  13:32  Marine  
  93  13:34  SCV x3  
  97  13:35  Marine  
  98  13:41  Marine  
  98  13:42  Marine  
  98  13:43  Marine x2  
  98  13:45  Medivac  
  98  13:46  Marine, Medivac, SCV x3  
  108  13:49  Marine  
  108  13:53  Marauder  
  105  13:58  SCV x2  
  105  14:00  Marine, Marauder  
  110  14:04  Marauder  
  112  14:14  Marauder  
  114  14:21  Marauder  
  115  14:24  Marine x3  
  115  14:25  Marine, Marauder  
  115  14:27  Medivac x2  
  125  14:34  Barracks  
  125  14:36  Marauder  
  127  14:41  Barracks x2  
  127  14:42  Marine  
  127  14:44  Terran Infantry Weapons Level 3  
  127  14:45  Terran Infantry Armor Level 3  
  126  14:57  Marine x5, Marauder  
  126  14:59  Marine  
  130  15:09  SCV x2  
  128  15:14  Marine  
  128  15:15  Marine x3  
  128  15:16  Marauder  
  128  15:17  Marine  
  128  15:18  Marauder  
  130  15:31  SCV  
  130  15:32  Missile Turret  
  130  15:33  Marauder  
  132  15:37  Marauder  
  132  15:38  SCV  
  132  15:39  SCV x2  
  132  15:42  Marine  
  137  15:43  Marauder, SCV  
  137  15:44  Marine  
  137  15:45  Marine x5  
  147  15:51  SCV  
  147  15:55  Marauder  
  150  15:58  Marine  
  150  16:00  Marine  
  150  16:02  Marine  
  150  16:03  Marine x5  
  156  16:04  Marauder  
  156  16:10  Medivac x2  
  160  16:16  Marine x2  
  159  16:26  Marauder  
  161  16:37  Marine  
  161  16:38  Marine x7, Marauder  
  171  16:42  Supply Depot  
  171  16:43  Supply Depot  
  171  16:44  Supply Depot  
  171  16:46  Marine  
  172  16:47  Command Center  
  172  16:55  Marine  
  172  16:56  Marine  
  170  17:02  Medivac  
  170  17:03  Medivac  
  170  17:07  Orbital Command  
  174  17:09  Refinery x2  
  174  17:20  Barracks Reactor, Barracks Tech Lab x2  
  174  17:24  Starport  
  174  17:25  Starport  
  174  17:32  Medivac  
  174  17:33  Medivac  
  163  17:49  Marine, Marauder  
  163  17:50  Marine x7  
  155  18:00  Marine  
  155  18:02  Medivac  
  156  18:07  Marine x4  
  156  18:08  Marauder  
  156  18:13  Marine  
  156  18:14  Marauder  
  156  18:15  Medivac  
  156  18:19  Marine  
  163  18:20  Marauder  
  162  18:32  Medivac  
  161  18:42  Marine x9, Marauder  
  161  18:43  Marauder  
  161  18:44  Medivac  
  172  18:53  Starport Tech Lab x2  
  172  19:00  Marine x8  
  172  19:01  Marauder  
  182  19:03  Marine  
  182  19:04  Marine  
  166  19:19  Marauder  
  166  19:21  Marine, Marauder  
  162  19:28  Marauder  
Tags
 
Add a new tag
Caveats
  • Supply blocks, unpowered buildings, or Contaminate may cause inaccurate times.
  • Supply counts are checked every 10 seconds.